 Dungeon Crawl Stone Soup version 0.23-b1-67-g8bd44de (webtiles) character file.

Game seed: 13149632965463377328

165 HEYYEYAAE the Bolt Thrower (level 5, -5/34 HPs)
             Began as an Octopode Hunter on Feb 5, 2019.
             Was an Initiate of Okawaru.
             Slain by an orc
             ... wielding a +0 falchion
              (7 damage)
             ... on level 3 of the Dungeon.
             The game lasted 00:02:08 (1747 turns).

HEYYEYAAE the Bolt Thrower (Octopode Hunter)        Turns: 1747, Time: 00:02:09

Health: -5/34      AC:  1    Str: 11    XL:     5   Next: 46%
Magic:  5/5        EV: 13    Int: 14    God:    Okawaru [......]
Gold:   34         SH:  0    Dex: 13    Spells: 4/4 levels left

rFire    . . .     SeeInvis .   a - +2 hand crossbow
rCold    . . .     Gourm    .   (no shield)
rNeg     . . .     Faith    .   (helmet restricted)
rPois    .         Spirit   .   (no amulet)
rElec    .         Reflect  .   (no ring)
rCorr    .         Harm     .   (no ring)
MR       .....                  (no ring)
Stlth    +++.......             (no ring)
HPRegen  0.11/turn              (no ring)
MPRegen  0.09/turn              (no ring)
                                (no ring)
                                (no ring)

@: lethally poisoned (-5 -> -10)
A: almost no armour, stealthy swim, amphibious, 8 rings, constrict 8, camouflage
1, gelatinous body 1
a: Renounce Religion


You were on level 3 of the Dungeon.
You worshipped Okawaru.
Okawaru was noncommittal.
You were not hungry.

You visited 1 branch of the dungeon, and saw 3 of its levels.

You collected 34 gold pieces.

Inventory:

Hand Weapons
 a - a +2 hand crossbow (weapon)
 b - a +0 short sword
 f - a +2 dagger of protection
 m - a +3 hunting sling
Scrolls
 e - 5 scrolls of identify
 i - a scroll of enchant armour
Potions
 g - a potion of flight
 n - a potion of heal wounds {unknown}
Comestibles
 d - 8 rations


   Skills:
 - Level 2.0 Fighting
 + Level 6.5 Crossbows
 - Level 2.0 Dodging
 - Level 1.3 Stealth


You had 4 spell levels left.
You didn't know any spells.
Your spell library was empty.

Dungeon Overview and Level Annotations

Branches:
Dungeon (3/15)

Altars:
Ashenzari
Dithmenos
Okawaru


Innate Abilities, Weirdness & Mutations

You cannot wear most types of armour.
You are very stealthy in the water. (Stealth+)
You are amphibious.
You can wear up to eight rings at the same time.
You can use your tentacles to constrict eight enemies at once.
Your skin changes colour to match your surroundings (Stealth+).
Your rubbery body absorbs attacks. (AC +1, EV +1)


Message History

The orc hits you with a +0 short sword.
* * * LOW HITPOINT WARNING * * *
The adder misses you. The orc barely misses you.
The orc hits you with a +0 falchion.
* * * LOW HITPOINT WARNING * * *
As you read the scroll labeled QEASCH WYEPA, it crumbles to dust.
It is a scroll of enchant armour.
You aren't carrying any armour which can be enchanted further.
The orc closely misses you. The adder misses you.
The orc wizard gestures wildly while chanting.
The orc wizard flickers and vanishes!
Deactivating autopickup; reactivate with Ctrl-A.
As you read the scroll labeled WUASCH QALOICW, it crumbles to dust.
It is a scroll of identify.
g - a potion of flight The adder bites you.
* * * LOW HITPOINT WARNING * * *
You are lethally poisoned!
The adder poisons you! The orc hits you with a +0 falchion!
You die...

...... ......
####.##...... #.
#.. ......... .(
#.# ...=... ...
###{####(.........
#ooh§.o.(#####...
#@#####....#...
#oS§# ##.#(.(#
#r§§# #.#.<#####.
≈...# #ho.......(
≈o.## ##..(.#....
or..# ##(#(K.##.
≈.S.# #...#o#
≈P..o# #......♣
...P≈≈≈≈≈


You could see a hound, an adder, 3 orcs and a quokka.

Vanquished Creatures
  An orc priest (D:3)
  7 adders
  An ooze (D:3)
  A dart slug (D:1)
  A leopard gecko (D:1)
  An orc (D:3)
  9 bats
  5 giant cockroaches
  5 goblins (D:1)
  8 hobgoblins
  4 jackals (D:1)
  2 quokkas (D:2)
  3 frilled lizards
  8 kobolds
  10 rats
66 creatures vanquished.

Notes
Turn   | Place    | Note
-------+----------+-------------------------------------------
     0 | D:1      | HEYYEYAAE the Octopode Hunter began the quest for the Orb.
     0 | D:1      | Reached XP level 1. HP: 14/14 MP: 1/1
    82 | D:1      | Reached XP level 2. HP: 19/19 MP: 2/2
   360 | D:1      | Reached XP level 3. HP: 24/24 MP: 3/3
   385 | D:1      | Reached skill level 5 in Crossbows
  1017 | D:2      | Reached XP level 4. HP: 27/29 MP: 4/4
  1038 | D:2      | Found a shadowy altar of Dithmenos.
  1140 | D:2      | Found an iron altar of Okawaru.
  1167 | D:2      | Became a worshipper of Warmaster Okawaru
  1346 | D:2      | Reached skill level 6 in Crossbows
  1417 | D:2      | Reached XP level 5. HP: 24/34 MP: 5/5
  1444 | D:2      | Found a shattered altar of Ashenzari.
  1747 | D:3      | Slain by an orc

Skill      XL: |  1  2  3  4 |
---------------+-------------+-----
Crossbows      | 5 6 |  6.5
Fighting       | |  2.0
Dodging        | |  2.0
Stealth        | |  1.3

Action                   |  1- 3 |  4- 6 || total
-------------------------+-------+-------++-------
 Fire: Hand crossbow     |    86 |    60 ||   146
  Use: Scroll            |       |     6 ||     6
       Potion            |       |     1 ||     1
  Eat: Chunk             |       |     2 ||     2
Armor: Skin              |     3 |     2 ||     5
Dodge: Dodged            |    14 |    17 ||    31
